[Event "Early-Titled-Tuesday-Blitz-January-16-2024"]
[Site "Chess.com"]
[Date "2024.01.16"]
[Round "1"]
[White "Aygehovit1992"]
[Black "sansanathalia"]
[Result "1-0"]
[WhiteElo "2728"]
[BlackElo "2398"]
[TimeControl "180+1"]
[EndTime "8:05:26 PST"]
[Termination "Aygehovit1992 won by checkmate"]

1. e4 c5 2. Nc3 d6 3. f4 Nf6 4.
Nf3 e6 5. b3 Be7 6. Bb2 O-O 7.
Be2 Nc6 8. O-O d5 9. e5 Nd7 10. Qe1 f6 11. Qg3 a6 12. Rae1 b5 13. a4 b4 14. Nd1 Qc7 15. Nf2 Bb7 16. exf6 Bxf6 17. Bxf6 Nxf6 18. Bd3 Rae8 19. Ng5 Bc8 20. Ng4 Nxg4 21.
Bxh7+ Kh8 22. Qxg4 Rf6 23. Bg6 Rxg6 24. Qh5+ Kg8 25.
Qxg6 Qd7 26. Qh7+ Kf8 27. f5 e5 28. f6 g6 29. Qh8# 1-0

[Event "Early-Titled-Tuesday-Blitz-January-16-2024"]
[Site "Chess.com"]
[Date "2024.01.16"]
[Round "1"]
[White "rikchessmx"]
[Black "iwanyu"]
[Result "0-1"]
[WhiteElo "2315"]
[BlackElo "2655"]
[TimeControl "180+1"]
[EndTime "8:05:26 PST"]
[Termination "iwanyu won by resignation"]

1. e4 c6 2. d4 d5 3. Nc3 dxe4 4. Nxe4 Nf6 5. Ng5 c5 6. N1f3 h6 7. Nxf7 Kxf7 8. Ne5+ Kg8 9. Bc4+ e6 10. Ng6 Rh7 11. Bd3 cxd4 12. O-O Nc6 13. Qe2 Bd6 14. f4 Qe8 15. a3 Bd7 16. Bd2 Ne7 17. Nxe7+ Qxe7 18.
Bxh7+ Kxh7 19. Rae1 Rc8 20. Qd3+ Kg8 21. Rc1 Qe8 22.
Rfe1 Bc6 23. Kh1 Qh5 24. Rxe6 Qd5 25. Qe2 Ne4 26. Rg6 Qf5 27. Rg4 Qxg4 28. Qc4+ Kh8 29. h3 Nf2+ 0-1

[Event "Early-Titled-Tuesday-Blitz-January-16-2024"]
[Site "Chess.com"]
[Date "2024.01.16"]
[Round "1"]
[White "NinoMaisuradze"]
[Black "HalfIsCrayfish"]
[Result "0-1"]
[WhiteElo "2261"]
[BlackElo "2612"]
[TimeControl "180+1"]
[EndTime "8:05:31 PST"]
[Termination "HalfIsCrayfish won by resignation"]

1. d4 Nf6 2. Nf3 g6 3. e3 Bg7 4.
Bd3 O-O 5. O-O d5 6. Nbd2 Nbd7 7. Ne5 Nxe5 8. dxe5 Nd7 9. f4 f6 10. exf6 exf6 11. e4 Nc5 12. Qf3 Nxd3 13. cxd3 Be6 14. f5 Bf7 15. fxg6 hxg6 16. Kh1 Qd7 17. Nb3 dxe4 18.
dxe4 Rad8 19. Bf4 c6 20. Rfd1 Qe7 21. Nd4 Rfe8 22. Nb3 Rxd1+ 23. Rxd1 Qxe4 24. Qf2 Qe2 25. Qxe2 Rxe2 26. h3 Bd5 27. Nc5 Bxg2+ 28. Kg1 Bd5 29.
Nxb7 Rxb2 30. Re1 Rxb7 0-1

[Event "Early-Titled-Tuesday-Blitz-January-16-2024"]
[Site "Chess.com"]
[Date "2024.01.16"]
[Round "1"]
[White "ATM622"]
[Black "TrahtarBelarus"]
[Result "0-1"]
[WhiteElo "2485"]
[BlackElo "2891"]
[TimeControl "180+1"]
[EndTime "8:05:32 PST"]
[Termination "TrahtarBelarus won by checkmate"]

1. d4 Nf6 2. c4 c5 3. d5 b5 4. cxb5 a6 5. e3 g6 6. Nf3 Bg7 7. Nc3 O-O 8. a4 Bb7 9. e4 e6 10. dxe6 dxe6 11. Qxd8 Rxd8 12. e5 Ng4 13. Bg5 Rc8 14.
bxa6 Nxa6 15. Nb5 Nb4 16. Rc1 Bxf3 17. gxf3 Nxe5 18. Ke2 Rxa4 19. Nd6 Rc6 20. Ne4 Ra2 21. Nf6+ Bxf6 22. Bxf6 Rxb2+ 23. Kd1 Rd6+ 24. Bd3 Nbxd3 25.
Ra1 Nf4+ 26. Kc1 Ned3+ 27. Kd1 Nxf2+ 28. Ke1 N2d3+ 29. Kd1 Rb8 30. Kc2 e5 31. Bh4 Nb4+ 32. Kb3 Rd3+ 33. Kc4 Rd4+ 34. Kxc5 Ne6# 0-1

[Event "Early-Titled-Tuesday-Blitz-January-16-2024"]
[Site "Chess.com"]
[Date "2024.01.16"]
[Round "1"]
[White "pavet"]
[Black "PapaieDudu"]
[Result "1-0"]
[WhiteElo "2772"]
[BlackElo "2414"]
[TimeControl "180+1"]
[EndTime "8:05:32 PST"]
[Termination "pavet won by resignation"]

1. e4 c5 2. Nf3 d6 3. d4 cxd4 4. Nxd4 Nf6 5. Nc3 a6 6. Bg5 e6 7.
Qe2 Nbd7 8. O-O-O Qc7 9. f4 b5 10. a3 Bb7 11. g4 Be7 12. Bg2 O-O 13. h4 Rfe8 14. h5 b4 15. axb4 a5 16. b5 a4 17.
Nb1 d5 18. e5 Ne4 19. Bxe7 Rxe7 20. Rh3 Ndc5 21. h6 g5 22. Qf1 Rc8 23. Na3 Qb6 24.
Kb1 Nd7 25. Bxe4 dxe4 26. fxg5 Nxe5 27. Qf6 1-0

[Event "Early-Titled-Tuesday-Blitz-January-16-2024"]
[Site "Chess.com"]
[Date "2024.01.16"]
[Round "1"]
[White "Giorno"]
[Black "MITerryble"]
[Result "0-1"]
[WhiteElo "2525"]
[BlackElo "3027"]
[TimeControl "180+1"]
[EndTime "8:05:38 PST"]
[Termination "MITerryble won by resignation"]

1. c4 b6 2. Nc3 Bb7 3. d4 e6 4.
Nf3 Bb4 5. e3 Nf6 6. Bd3 O-O 7.
O-O Bxc3 8. bxc3 d6 9. Qc2 Nc6 10. e4 e5 11. Be3 Re8 12. d5 Ne7 13. Nd2 Ng6 14. h3 Bc8 15. Kh2 Nh5 16. Qd1 Nhf4 17. Be2 f5 18. exf5 Bxf5 19. Bg4 Rf8 20. Bxf5 Rxf5 21. Ne4 Qd7 22. Qg4 Raf8 23. Ng3 R5f7 24. Qxd7 Rxd7 25. a4 a5 26. Rg1 Nd3 27. f3 Nb2 28. c5 dxc5 29. Ra2 Nc4 30. Re1 Rxd5 31. Ne4 h6 32. Nd2 Nxd2 33. Bxd2 Rfd8 34. Re2 Kf7 35. c4 Rd3 36. Rc2 Ra3 37. Bc3 Re8 38.
g3 Rxa4 39. f4 Rxc4 40. fxe5 Ke6 41. h4 Ne7 42. Bb2 Rxc2 43. Rxc2 a4 0-1

[Event "Early-Titled-Tuesday-Blitz-January-16-2024"]
[Site "Chess.com"]
[Date "2024.01.16"]
[Round "1"]
[White "PolandHussars"]
[Black "Zainullina_Nataliya"]
[Result "1-0"]
[WhiteElo "2586"]
[BlackElo "2197"]
[TimeControl "180+1"]
[EndTime "8:05:39 PST"]
[Termination "PolandHussars won by resignation"]

1. e4 e5 2. Nc3 Nf6 3. g3 Nc6 4. Bg2 Bc5 5. Nge2 O-O 6. O-O d6 7. Na4 a6 8. Nxc5 dxc5 9. d3 Nd4 10. h3 b6 11. f4 Nxe2+ 12. Qxe2 exf4 13. Bxf4 Bb7 14. Kh2 Qd4 15. b3 Rae8 16. Bxc7 Nd5 17. Bf4 Nxf4 18. gxf4 f5 19. e5 Bxg2 20. Qxg2 b5 21.
a4 c4 22. axb5 axb5 23. dxc4 bxc4 24. Rad1 Qc3 25. Rd7 g6 26. Qd5+ Kh8 27. Qb7 Qxc2+ 28. Kg1 1-0

[Event "Early-Titled-Tuesday-Blitz-January-16-2024"]
[Site "Chess.com"]
[Date "2024.01.16"]
[Round "1"]
[White "ZuraTqebuchava"]
[Black "YurasovMat-2012"]
[Result "0-1"]
[WhiteElo "2165"]
[BlackElo "2581"]
[TimeControl "180+1"]
[EndTime "8:05:39 PST"]
[Termination "YurasovMat-2012 won on time"]

1. e4 e5 2. Nf3 Nf6 3. Nc3 Bb4 4. a3 Ba5 5. d3 O-O 6. Bg5 c6 7. Be2 d5 8. exd5 cxd5 9. O-O d4 10. Ne4 Nbd7 11. Bxf6 gxf6 12. Nh4 Re8 13. Bg4 Kh8 14. Bf5 Nf8 15. Qh5 Bxf5 16. Nxf5 Ng6 17. Ned6 Rf8 18. Nxb7 Qb6 19. Nxa5 Qxa5 20. Qh6 Rg8 21. g3 Qb6 22. a4 Qc6 23. f3 Qxc2 24. Rac1 Qxd3 25. Nd6 Qb3 26. Rc7 Raf8 27. Rfc1 d3 28. Rc8 Qb6+ 29.
Kh1 Qxd6 0-1

[Event "Early-Titled-Tuesday-Blitz-January-16-2024"]
[Site "Chess.com"]
[Date "2024.01.16"]
[Round "1"]
[White "artin10862"]
[Black "chessS1r"]
[Result "1-0"]
[WhiteElo "2895"]
[BlackElo "2486"]
[TimeControl "180+1"]
[EndTime "8:05:40 PST"]
[Termination "artin10862 won by resignation"]

1. c4 e6 2. Nc3 d5 3. d4 Bb4 4. Nf3 dxc4 5. e3 b5 6. Bd2 c6 7. a4 Bxc3 8. Bxc3 a5 9. axb5 cxb5 10. b3 Bb7 11. bxc4 b4 12. Bb2 Nf6 13. Bd3 O-O 14.
O-O Nbd7 15. Qe2 Ne4 16. c5 Qc7 17. Nd2 Nxd2 18. Qxd2 Rfb8 19. Rfc1 a4 20. Qxb4 Bxg2 21. Qc3 Bc6 22. d5 e5 23. dxc6 Qxc6 24. Qc2 Ra5 25. Ba3 g6 26. Be4 Qc7 27. c6 Nf6 28. Rab1 Rb3 29. Bd6 Qxd6 30. c7 1-0

[Event "Early-Titled-Tuesday-Blitz-January-16-2024"]
[Site "Chess.com"]
[Date "2024.01.16"]
[Round "1"]
[White "talaicito"]
[Black "SmirnovAlexandrA"]
[Result "0-1"]
[WhiteElo "2296"]
[BlackElo "2640"]
[TimeControl "180+1"]
[EndTime "8:05:40 PST"]
[Termination "SmirnovAlexandrA won by resignation"]

1. d4 Nf6 2. Nc3 g6 3. e4 d5 4. e5 Ne4 5. Nxe4 dxe4 6. Bc4 Bg7 7. Ne2 c5 8. c3 O-O 9. O-O Nc6 10. Be3 Bg4 11. h3 Bxe2 12. Bxe2 cxd4 13. cxd4 e6 14. Rc1 Rc8 15. Qb3 Nxd4 16. Bxd4 Rxc1 17. Rxc1 Qxd4 18.
Qxb7 Bxe5 19. Rc4 Qxb2 20. Qxb2 Bxb2 21. Rxe4 Rd8 22. Ra4 Bd4 23. Ra3 Bb6 24. Rd3 Rc8 25.
Rd1 Rc2 26. Kf1 Rxa2 27. f3 Kg7 28. Ke1 Kf6 29. Rb1 h5 30. g4 h4 31. f4 Ke7 32. Rc1 Ra3 33. Bf1 Re3+ 34. Kd2 Rf3 35. Rc4 Rxf1 0-1

[Event "Early-Titled-Tuesday-Blitz-January-16-2024"]
[Site "Chess.com"]
[Date "2024.01.16"]
[Round "1"]
[White "LyonBeast"]
[Black "Statham_01"]
[Result "1-0"]
[WhiteElo "3142"]
[BlackElo "2543"]
[TimeControl "180+1"]
[EndTime "8:05:42 PST"]
[Termination "LyonBeast won by checkmate"]

1. e4 e5 2. Nf3 Nc6 3. Bc4 Bc5 4. c3 Nf6 5. d3 d6 6. O-O a5 7. Re1 h6 8. Nbd2 O-O 9. h3 Be6 10.
Bb5 Ba7 11. Nf1 Ne7 12. d4 c6 13. Bd3 Ng6 14. Ng3 exd4 15. cxd4 c5 16. d5 Bd7 17. a4 Rc8 18. b3 Re8 19. Be3 Qb6 20. Nd2 Ne5 21.
Nc4 Nxc4 22. bxc4 Qd8 23. Bd2 Re7 24. Bc3 Nh7 25. f4 Qc7 26. Qc2 Rce8 27. Re2 Nf8 28. Kh1 Qc8 29. Nh5 Bxh3 30. gxh3 Qxh3+ 31. Rh2 Qf3+ 32. Qg2 Qxg2+ 33. Rxg2 Ng6 34. Bxg7 Nxf4 35. Nf6# 1-0

[Event "Early-Titled-Tuesday-Blitz-January-16-2024"]
[Site "Chess.com"]
[Date "2024.01.16"]
[Round "1"]
[White "Alimpic"]
[Black "Bauman_Guy"]
[Result "0-1"]
[WhiteElo "2488"]
[BlackElo "2913"]
[TimeControl "180+1"]
[EndTime "8:05:43 PST"]
[Termination "Bauman_Guy won by resignation"]

1. d4 Nf6 2. c4 e6 3. Nc3 Bb4 4. Bd2 b6 5. e3 Bb7 6. Nf3 O-O 7.
Bd3 d5 8. cxd5 exd5 9. Ne5 Bd6 10. f4 c5 11. O-O Nc6 12. Ne2 Ne4 13. Bxe4 dxe4 14.
Rc1 Ne7 15. Bc3 Nd5 16. Qd2 Rc8 17. Rfd1 f6 18. Ng4 Qe7 19. dxc5 Bxc5 20. Nd4 Rfd8 21. Kh1 h5 22. Nf2 Nxf4 23. exf4 e3 24. Qe1 exf2 25. Qxe7 Bxe7 26. Nf3 Ba6 27. Nd2 Rxd2 28. Bxd2 Rxc1 29.
Rxc1 f1=Q+ 30. Rxf1 Bxf1 31. Kg1 Bd3 0-1

[Event "Early-Titled-Tuesday-Blitz-January-16-2024"]
[Site "Chess.com"]
[Date "2024.01.16"]
[Round "1"]
[White "Maftuna2303"]
[Black "TregubovP"]
[Result "0-1"]
[WhiteElo "2333"]
[BlackElo "2668"]
[TimeControl "180+1"]
[EndTime "8:05:46 PST"]
[Termination "TregubovP won by resignation"]

1. e4 c5 2. Nf3 e6 3. g3 d5 4.
e5 Nc6 5. Bg2 f6 6. exf6 Nxf6 7.
O-O Bd6 8. d4 O-O 9. c3 e5 10.
dxe5 Nxe5 11. Nxe5 Bxe5 12. Bg5 Kh8 13. Na3 h6 14.
Bxf6 Qxf6 15. Qxd5 Be6 16. Qxc5 b6 17. Qe3 Rae8 18. Rae1 Bxa2 19. Qd2 Rd8 20. Qc2 Bd6 21. f4 Qf7 22. Be4 Bb3 23. Qg2 Bc5+ 24. Kh1 Rfe8 25.
Bf3 Rxe1 26. Rxe1 Qf6 27. Qe2 Bxa3 28. bxa3 Qxc3 29. Rf1 Bc4 30. Qe1 Qxa3 31. Rg1 Qxf3+ 0-1

[Event "Early-Titled-Tuesday-Blitz-January-16-2024"]
[Site "Chess.com"]
[Date "2024.01.16"]
[Round "1"]
[White "AlexLongson"]
[Black "Tiqr777"]
[Result "0-1"]
[WhiteElo "2228"]
[BlackElo "2611"]
[TimeControl "180+1"]
[EndTime "8:05:49 PST"]
[Termination "Tiqr777 won by checkmate"]

1. e4 c5 2. Nf3 e6 3. g3 Nc6 4. Bg2 g6 5. d4 cxd4 6. Nxd4 a6 7. O-O Bg7 8. Nxc6 bxc6 9. Nc3 d5 10. exd5 cxd5 11.
Nxd5 exd5 12. Bxd5 Ra7 13. Be3 Rd7 14. Bc6 Ne7 15.
Bxd7+ Qxd7 16. Qe2 O-O 17. Bc5 Re8 18. Rfe1 Bf6 19. Rad1 Qc6 20. Rd6 Qxc5 21. Rxf6 Bb7 22. c4 Kg7 23. Rf4 Rd8 24. h4 h5 25. Kh2 Nf5 26. Qe5+ Qxe5 27. Rxe5 Nd4 28. Rc5 Nf3+ 29. Kh3 Rd1 30. Rc7 Rh1+ 31. Kg2 Nxh4# 0-1

[Event "Early-Titled-Tuesday-Blitz-January-16-2024"]
[Site "Chess.com"]
[Date "2024.01.16"]
[Round "1"]
[White "JonasEilenberg"]
[Black "CFN_Good_Evening"]
[Result "0-1"]
[WhiteElo "2534"]
[BlackElo "1865"]
[TimeControl "180+1"]
[EndTime "8:05:52 PST"]
[Termination "CFN_Good_Evening won by checkmate"]

1. d4 d5 2. Nc3 Nf6 3. Bf4 a6 4.
e3 Bf5 5. f3 h5 6. Bd3 Bxd3 7.
Qxd3 e6 8. Nge2 Bd6 9. Bxd6 Qxd6 10. e4 dxe4 11. fxe4 Qe7 12. O-O Nbd7 13. e5 Ng4 14. Ne4 Nh6 15. Rad1 Nf5 16. N2g3 g6 17. c4 c6 18. c5 h4 19. Nxf5 gxf5 20. Nd6+ Kd8 21. Nxb7+ Kc7 22. Nd6 Rhg8 23. Qa3 a5 24. Rf2 f6 25.
exf6 Nxf6 26. Re2 Nd5 27. Nxf5 Qg5 28. Nd6 Nf4 29. Rf2 Nxg2 30. Kh1 Ne3 31. Re1 Qd5+ 32. Ne4 Qxe4+ 33. Rf3 Qxf3# 0-1

[Event "Early-Titled-Tuesday-Blitz-January-16-2024"]
[Site "Chess.com"]
[Date "2024.01.16"]
[Round "1"]
[White "Mops_2004"]
[Black "publicaccountcze"]
[Result "1-0"]
[WhiteElo "2668"]
[BlackElo "2336"]
[TimeControl "180+1"]
[EndTime "8:05:55 PST"]
[Termination "Mops_2004 won on time"]

1. Nf3 Nf6 2. c4 c5 3. Nc3 Nc6 4. d4 cxd4 5. Nxd4 g6 6. e4 d6 7.
Be2 Bg7 8. Be3 O-O 9. O-O a6 10.
h3 Qc7 11. Rc1 Nd7 12. Nd5 Qd8 13. Qd2 Nc5 14. f3 Be6 15. b4 Nd7 16. Nxe6 fxe6 17. Nf4 Rf6 18. c5 e5 19. Bc4+ Kh8 20. Ne6 Qc8 21. cxd6 exd6 22. Nxg7 Kxg7 23. Bg5 Qf8 24.
Bh6+ 1-0

[Event "Early-Titled-Tuesday-Blitz-January-16-2024"]
[Site "Chess.com"]
[Date "2024.01.16"]
[Round "1"]
[White "mishanick"]
[Black "santosalberto1987"]
[Result "1-0"]
[WhiteElo "3082"]
[BlackElo "2538"]
[TimeControl "180+1"]
[EndTime "8:05:56 PST"]
[Termination "mishanick won by resignation"]

1. d4 d5 2. c4 c6 3. Nf3 Nf6 4. Nc3 dxc4 5. a4 Bf5 6. Ne5 e6 7. f3 Bb4 8. Nxc4 O-O 9. Kf2 c5 10. Na2 Nc6 11. Nxb4 Nxb4 12. e4 Bg6 13. Be3 cxd4 14.
Bxd4 Nc6 15. Bc5 Qxd1 16. Rxd1 Rfd8 17. Nd6 Ne8 18. Bb5 Nxd6 19. Bxd6 f6 20. Bc7 Rxd1 21. Rxd1 Be8 22. Bf4 Kf7 23. Be3 a6 24. Be2 Rd8 25. Rc1 Nb4 26. Rc7+ Rd7 27. Rc3 Rd8 28. b3 Na2 29. Rc7+ Rd7 30. Rc8 Nb4 31. Rc3 Na2 32.
Rc4 Rd6 33. Rc7+ Rd7 34. Rxd7+ Bxd7 35. Bd2 Bc8 36. Bd3 a5 37. Bxa5 Nc1 38. Bc2 e5 39.
Bd2 Na2 40. Bb1 1-0

[Event "Early-Titled-Tuesday-Blitz-January-16-2024"]
[Site "Chess.com"]
[Date "2024.01.16"]
[Round "1"]
[White "Roman_Ovetchkin"]
[Black "Olya_Oblachko"]
[Result "1-0"]
[WhiteElo "2662"]
[BlackElo "2329"]
[TimeControl "180+1"]
[EndTime "8:05:57 PST"]
[Termination "Roman_Ovetchkin won by checkmate"]

1. d4 e6 2. c4 d5 3. Nf3 Nf6 4. g3 Be7 5. Bg2 O-O 6. Qc2 c5 7. O-O cxd4 8. Nxd4 Nc6 9. Nf3 d4 10. a3 a5 11. Rd1 e5 12. e3 Bg4 13. h3 Bxf3 14.
Bxf3 Bc5 15. Nc3 Qe7 16. Nd5 Nxd5 17. cxd5 Na7 18. e4 Rac8 19. Bg4 Rc7 20. Qa4 b6 21. Bd2 Nc8 22. b4 axb4 23. axb4 Bd6 24. Rac1 Rxc1 25. Rxc1 Bb8 26. Rxc8 Rxc8 27. Bxc8 Qc7 28. Qe8# 1-0

[Event "Early-Titled-Tuesday-Blitz-January-16-2024"]
[Site "Chess.com"]
[Date "2024.01.16"]
[Round "1"]
[White "RojonR"]
[Black "Chempiblinka"]
[Result "1-0"]
[WhiteElo "2611"]
[BlackElo "2258"]
[TimeControl "180+1"]
[EndTime "8:05:57 PST"]
[Termination "RojonR won by resignation"]

1. e4 c5 2. Nf3 Nc6 3. Bb5 g6 4. Bxc6 dxc6 5. d3 Bg7 6. h3 e5 7. Nc3 Ne7 8. Be3 b6 9. Qd2 O-O 10. Bh6 Qc7 11. Bxg7 Kxg7 12. Ne2 Be6 13. Qc3 f6 14. O-O Rad8 15. Nd2 Rd7 16. f4 Nc8 17. fxe5 Qxe5 18. Qxe5 fxe5 19. Rxf8 Kxf8 20. Nf3 Rc7 21.
Nxe5 b5 22. a4 Nd6 23. axb5 cxb5 24. Ra6 Ke7 25. Nf4 Bg8 26. Nc6+ Kd7 27. Nxa7 c4 28.
Rxd6+ Kxd6 29. Nxb5+ Kc6 30. Nxc7 Kxc7 31. d4 Kd6 1-0

[Event "Early-Titled-Tuesday-Blitz-January-16-2024"]
[Site "Chess.com"]
[Date "2024.01.16"]
[Round "1"]
[White "Kaissa10"]
[Black "Lady_Nika"]
[Result "0-1"]
[WhiteElo "2223"]
[BlackElo "2601"]
[TimeControl "180+1"]
[EndTime "8:05:57 PST"]
[Termination "Lady_Nika won on time"]

1. e4 e6 2. d4 d5 3. Nd2 Nf6 4. e5 Nfd7 5. f4 c5 6. c3 Nc6 7. Ndf3 Qb6 8. g3 Be7 9. Kf2 f6 10. Kg2 O-O 11. Bd3 cxd4 12. cxd4 fxe5 13. fxe5 Rf7 14.
h4 Nf8 15. h5 h6 16. Ne2 Bd7 17. Bb1 Rc8 18. a3 Na5 19. Bc2 Bb5 20. Be3 Ba6 21.
b4 Nc4 22. Bc1 Qd8 23. Nf4 Qc7 24. Bb1 Bg5 25. Nxg5 hxg5 26. Ng6 Qd8 27. Nxf8 Qxf8 28.
Rf1 Ne3+ 29. Bxe3 Bxf1+ 30. Kg1 Bh3 31. Bg6 Rf1+ 0-1

[Event "Early-Titled-Tuesday-Blitz-January-16-2024"]
[Site "Chess.com"]
[Date "2024.01.16"]
[Round "1"]
[White "valik3504"]
[Black "Duhless"]
[Result "0-1"]
[WhiteElo "2545"]
[BlackElo "3150"]
[TimeControl "180+1"]
[EndTime "8:05:59 PST"]
[Termination "Duhless won by resignation"]

1. d4 Nf6 2. Nf3 g6 3. c4 Bg7 4. Nc3 O-O 5. e4 d6 6. Be2 Re8 7. O-O Nc6 8. h3 e5 9. d5 Nd4 10.
Be3 Nxe2+ 11. Qxe2 b6 12. b4 Nh5 13. Nd2 Nf4 14. Qf3 f5 15. Rac1 Nd3 16. Rb1 Rf8 17. Qe2 Nf4 18. Qd1 Nxg2 19. Kxg2 f4 20. Nf3 fxe3 21.
fxe3 Bh6 22. Qe2 Qe7 23. Rh1 Bd7 24. Rbf1 Rf7 25. Nb1 Raf8 26. Nbd2 Rf6 27. Nh2 Rxf1 28. Ndxf1 Bg5 29. Nf3 Bh4 30. N1h2 h5 31. Rg1 Kh7 32.
Qd1 Qf6 33. Qe2 Kh6 34. Kh1 Bxh3 35. Nxh4 Qxh4 36. c5 Qxe4+ 0-1

[Event "Early-Titled-Tuesday-Blitz-January-16-2024"]
[Site "Chess.com"]
[Date "2024.01.16"]
[Round "1"]
[White "betta2004"]
[Black "Yushko_Olga"]
[Result "1-0"]
[WhiteElo "2571"]
[BlackElo "2112"]
[TimeControl "180+1"]
[EndTime "8:05:59 PST"]
[Termination "betta2004 won by resignation"]

1. d4 e6 2. e4 d5 3. Bd3 dxe4 4. Bxe4 Nf6 5. Bf3 Nbd7 6. Ne2 Be7 7. O-O O-O 8. c4 c6 9. Nbc3 Nb6 10. b3 a5 11. Bf4 a4 12. Qc2 Nfd7 13. Rfd1 Bg5 14. Bd6 Be7 15. Bg3 Bh4 16. Ne4 Bxg3 17. N2xg3 Nf6 18. Nxf6+ Qxf6 19. Ne4 Qg6 20. b4 Nd7 21. Qe2 e5 22. d5 cxd5 23. Rxd5 f6 24. Nd6 Nb6 25. Rb5 Ra6 26. c5 Rd8 27. Nxc8 Nxc8 28. Rxb7 Re6 29. Bh5 Qg5 30. Bf7+ Kh8 31. Bxe6 e4 32.
Rd1 Re8 33. Bxc8 Rxc8 34. Rbd7 f5 35. c6 h5 36. c7 Kh7 37. b5 h4 38. h3 Qf4 39.
Qh5+ 1-0

[Event "Early-Titled-Tuesday-Blitz-January-16-2024"]
[Site "Chess.com"]
[Date "2024.01.16"]
[Round "1"]
[White "AGW2016"]
[Black "VeraVujovic"]
[Result "1-0"]
[WhiteElo "2599"]
[BlackElo "2223"]
[TimeControl "180+1"]
[EndTime "8:06:00 PST"]
[Termination "AGW2016 won by resignation"]

1. d4 d5 2. Nc3 Nf6 3. Bf4 c5 4. e4 Nxe4 5. Nxe4 dxe4 6. dxc5 Qxd1+ 7. Rxd1 Nc6 8. Bb5 Bd7 9. c3 a6 10. Ba4 f6 11. b4 e5 12. Be3 f5 13. g3 h6 14. h4 Be7 15. Ne2 Rc8 16. a3 Nb8 17. Bb3 Nc6 18. Bd5 g6 19. a4 Nd8 20. Nc1 Bxa4 21.
Nb3 Nc6 22. Rd2 Rd8 23. Bxc6+ bxc6 24. Na5 Rxd2 25. Kxd2 Bd8 26. Ra1 Bb5 27. Nb7 Bc7 28. Nd6+ Bxd6 29. cxd6 Kd7 30. Bc5 f4 31. Re1 Bd3 32.
f3 fxg3 33. fxe4 Bc4 34. Rg1 g5 35. Rxg3 Rg8 36. hxg5 Rxg5 37. Rf3 Rg2+ 38. Kc1 Re2 39. Rh3 Re1+ 40. Kd2 Re2+ 41. Kd1 Rxe4 42. Rxh6 Be2+ 43. Kd2 Bc4 44. Rh7+ Kd8 45. Bb6+ Ke8 46. d7+ 1-0

[Event "Early-Titled-Tuesday-Blitz-January-16-2024"]
[Site "Chess.com"]
[Date "2024.01.16"]
[Round "1"]
[White "Njal28"]
[Black "FoggyMorning"]
[Result "1-0"]
[WhiteElo "3027"]
[BlackElo "2524"]
[TimeControl "180+1"]
[EndTime "8:06:04 PST"]
[Termination "Njal28 won on time"]

1. d4 Nf6 2. c4 e6 3. Nc3 Bb4 4. e3 O-O 5. a3 Bxc3+ 6. bxc3 d5 7. cxd5 exd5 8. Bd3 Bg4 9. Ne2 c5 10. f3 Bh5 11. O-O Bg6 12. Ng3 Re8 13. Ra2 Nbd7 14.
Re2 Qa5 15. Bb2 Rad8 16. e4 cxd4 17. cxd4 dxe4 18. fxe4 Nh5 19. Nf5 Ndf6 20. e5 Nd5 21.
Ref2 Bxf5 22. Rxf5 Ne3 23. Qxh5 Nxf5 24. Qxf5 Qc7 25.
Qxh7+ Kf8 26. Qh8+ Ke7 27. Qxg7 Ke6 28. Be4 1-0

[Event "Early-Titled-Tuesday-Blitz-January-16-2024"]
[Site "Chess.com"]
[Date "2024.01.16"]
[Round "1"]
[White "francyIM"]
[Black "Pakarma"]
[Result "1-0"]
[WhiteElo "2816"]
[BlackElo "2443"]
[TimeControl "180+1"]
[EndTime "8:06:04 PST"]
[Termination "francyIM won by resignation"]

1. e4 c5 2. Nf3 Nc6 3. b3 d6 4. Bb5 Bd7 5. O-O Nf6 6. Re1 e5 7. Bf1 Be7 8. h3 O-O 9. c3 d5 10. exd5 Nxd5 11. Nxe5 Nxe5 12. Rxe5 Bc6 13. Re1 Bf6 14.
Na3 Re8 15. Rxe8+ Qxe8 16. Nc4 Rd8 17. Qc2 b5 18. Ne3 Nf4 19. Qf5 Qe5 20. Qxe5 Bxe5 21. Ng4 Bc7 22. Ba3 Ne6 23. Rd1 a5 24. Bb2 f5 25.
Ne3 g6 26. d4 cxd4 27. cxd4 Bb7 28. d5 Nf4 29. Bxb5 Nxd5 30. Bc4 1-0

[Event "Early-Titled-Tuesday-Blitz-January-16-2024"]
[Site "Chess.com"]
[Date "2024.01.16"]
[Round "1"]
[White "NovakCabarkapa"]
[Black "Eesha-Karavade"]
[Result "1-0"]
[WhiteElo "2807"]
[BlackElo "2437"]
[TimeControl "180+1"]
[EndTime "8:06:04 PST"]
[Termination "NovakCabarkapa won by resignation"]

1. b3 d5 2. Bb2 Bg4 3. f3 Bh5 4. Nh3 f6 5. d4 e6 6. e3 Bd6 7.
Nd2 Ne7 8. c4 c6 9. Bd3 Bg6 10.
Bxg6+ hxg6 11. Qc2 g5 12. O-O-O Nd7 13. Kb1 Qa5 14. e4 O-O-O 15. c5 Bf4 16. Bc3 Qc7 17. Nf1 Kb8 18. b4 Nf8 19. Nf2 Qd7 20. g3 Bc7 21.
Ne3 Nfg6 22. a4 Rh5 23. Nd3 Rdh8 24. Rdg1 dxe4 25. fxe4 f5 26. e5 Nd5 27. Nc4 Nge7 28. Bd2 Ng8 29. Qb2 Nh6 30. b5 Ng4 31. b6 axb6 32.
cxb6 Bd8 33. Nc5 Qc8 34. Nd6 1-0

[Event "Early-Titled-Tuesday-Blitz-January-16-2024"]
[Site "Chess.com"]
[Date "2024.01.16"]
[Round "1"]
[White "TitarovVasiliYouTube"]
[Black "Jospem"]
[Result "0-1"]
[WhiteElo "2537"]
[BlackElo "3078"]
[TimeControl "180+1"]
[EndTime "8:06:06 PST"]
[Termination "Jospem won by resignation"]

1. e4 c5 2. Nf3 d6 3. d4 cxd4 4.
Nxd4 a6 5. c4 e6 6. Nc3 Nf6 7. Be2 b6 8. Be3 Bb7 9. f3 Nbd7 10. O-O Be7 11. Qd2 O-O 12. Rfc1 Rc8 13. a4 Nc5 14. b4 e5 15. bxc5 exd4 16. Bxd4 bxc5 17. Be3 Nd7 18. Rab1 Bc6 19. Nd5 Bxd5 20. Qxd5 Ne5 21. Rb7 Bf6 22. Rd1 Qa5 23. f4 Nc6 24.
e5 dxe5 25. Qxc5 exf4 26. Bf2 Qxa4 27. Qb6 Rfe8 28. Bf3 Ne5 29. Qb3 Nxf3+ 30. gxf3 Qxb3 31. Rxb3 Rxc4 32. Ra3 Rc6 33. Kf1 g5 34. Re1 Rd8 35.
Re2 Kg7 36. Rea2 Rdd6 37. Kg2 Kg6 38. Kh3 h5 39. Kg2 Re6 40. h3 Be7 41. Ra5 f5 42.
Rd2 Bb4 43. Rda2 Bxa5 44. Rxa5 g4 45. hxg4 hxg4 46. fxg4 fxg4 0-1

[Event "Early-Titled-Tuesday-Blitz-January-16-2024"]
[Site "Chess.com"]
[Date "2024.01.16"]
[Round "1"]
[White "karinachess1"]
[Black "Trojan-Knight"]
[Result "1-0"]
[WhiteElo "2598"]
[BlackElo "2168"]
[TimeControl "180+1"]
[EndTime "8:06:06 PST"]
[Termination "karinachess1 won on time"]

1. d4 Nf6 2. c4 g6 3. g3 Bg7 4.
Bg2 d5 5. cxd5 Nxd5 6. Nc3 Nb6 7. Nf3 Nc6 8. e3 O-O 9. O-O Re8 10. Nh4 e5 11. d5 Ne7 12. e4 Bd7 13. f4 exf4 14.
Bxf4 Nc4 15. Qb3 Ne5 16. Rad1 Rf8 17. Qxb7 Rb8 18. Qxa7 Rxb2 19. Rf2 Rxf2 20. Qxf2 Qb8 21. Qc5 Nc8 22. Rb1 Qa8 23. Qxc7 Ng4 24. h3 Bd4+ 25. Kh1 Nf2+ 26. Kh2 Qa3 27. Rb3 Qa6 28. Qxd7 Nb6 29. Qb5 Qa7 30. Ne2 1-0

[Event "Early-Titled-Tuesday-Blitz-January-16-2024"]
[Site "Chess.com"]
[Date "2024.01.16"]
[Round "1"]
[White "FrenchHarvey"]
[Black "DvaHrasta"]
[Result "1-0"]
[WhiteElo "2802"]
[BlackElo "2435"]
[TimeControl "180+1"]
[EndTime "8:06:08 PST"]
[Termination "FrenchHarvey won on time"]

1. e4 c6 2. Nf3 d5 3. Nc3 Nf6 4. e5 Ne4 5. Ne2 Qb6 6. d4 f6 7. Ng3 Bg4 8. Be2 Nxg3 9. hxg3 Nd7 10. Bf4 g5 11. Be3 O-O-O 12. O-O h5 13. c4 Bxf3 14.
Bxf3 g4 15. Be2 e6 16. cxd5 exd5 17. e6 Nb8 18. b4 Re8 19. b5 Rxe6 20. a4 Bd6 21. a5 Qc7 22. a6 b6 23. bxc6 Bxg3 24. Bd3 Bh2+ 25. Kh1 Rxc6 26. Bf5+ Kd8 27. g3 h4 28. Bf4 Qg7 29. Qxg4 Qxg4 30. Bxg4 hxg3 31. Kg2 Nd7 32. Rac1 Rxc1 33. Rxc1 f5 34. Bg5+ Ke8 35.
Rc8+ Kf7 36. Rxh8 1-0